 Dungeon Crawl Stone Soup version 0.21.1-1-g345015fe64 (webtiles) character file.

315 Norrik the Slasher (level 6, -6/56 HPs)
             Began as a Minotaur Monk on Apr 25, 2018.
             Mangled by raetorn's ghost (12 damage)
             ... on level 4 of the Dungeon.
             The game lasted 00:04:36 (3322 turns).

Norrik the Slasher (Minotaur Monk)                  Turns: 3322, Time: 00:04:36

Health: -6/56      AC: 10    Str: 18    XL:     6   Next: 19%
Magic:  5/5        EV: 12    Int:  7    God:
Gold:   66         SH:  0    Dex: 12    Spells: 5/5 levels left

rFire    + . .     SeeInvis .   a - +0 falchion
rCold    . . .     Gourm    .   (no shield)
rNeg     . . .     Faith    .   q - +0 ring mail {rF+}
rPois    .         Spirit   .   (helmet restricted)
rElec    .         Reflect  .   h - +0 cloak
rCorr    .         Harm     .   (no gloves)
MR       .....                  p - +2 pair of boots
Stlth    +.........             (no amulet)
HPRegen  0.18/turn              (no ring)
MPRegen  0.09/turn              (no ring)

@: no status effects
A: retaliatory headbutt, horns 2
a: no special abilities


You were on level 4 of the Dungeon.
You were not hungry.

You visited 1 branch of the dungeon, and saw 4 of its levels.

You collected 66 gold pieces.

Inventory:

Hand Weapons
 a - a +0 falchion (weapon)
Missiles
 i - 121 stones (quivered)
 r - 6 tomahawks
Armour
 b - a +0 robe
 h - a +0 cloak (worn)
 p - a +2 pair of boots (worn)
 q - a +0 ring mail of fire resistance (worn)
Jewellery
 m - an uncursed ring of poison resistance {unknown}
 o - an uncursed ring of magical power {unknown}
Wands
 v - a wand of digging (7)
Scrolls
 d - 3 scrolls of identify {unknown}
 e - 3 scrolls of teleportation {unknown}
 f - 3 scrolls of remove curse {unknown}
 g - a scroll of enchant weapon {unknown}
 j - a scroll of enchant armour {unknown}
 l - a scroll of amnesia {unknown}
 n - a scroll of random uselessness {unknown}
Potions
 k - 2 potions of heal wounds {unknown}
 s - a potion of brilliance {unknown}
Books
 u - a book of Conjurations

   Spells                             Type                      Level
   a - Magic Dart                     Conjuration                  1
   b - Searing Ray                    Conjuration                  2
   c - Dazzling Spray                 Conjuration/Hexes            3
   d - Fulminant Prism                Conjuration/Hexes            4
   e - Force Lance                    Conjuration/Translocation    4
   f - Iskenderun's Mystic Blast      Conjuration                  4
Comestibles
 c - 7 rations
 t - a chunk of flesh


   Skills:
 + Level 5.3 Fighting
 * Level 6.4 Long Blades
 + Level 3.4 Armour
 - Level 3.2 Dodging
 - Level 1.5 Stealth


You had 5 spell levels left.
You didn't know any spells.

Dungeon Overview and Level Annotations

Branches:
Dungeon (4/15)
 Temple: D:4-7

Altars:
Cheibriados
Hepliaklqana
Trog
Wu Jian

Annotations:
D:4 raetorn's ghost, novice SpAs


Innate Abilities, Weirdness & Mutations

You reflexively headbutt those who attack you in melee.
You have a pair of horns on your head.


Message History

You hit raetorn's ghost. You headbutt raetorn's ghost.
Raetorn's ghost is lightly damaged.
Raetorn's ghost hits you but does no damage.
You are electrocuted!
You miss raetorn's ghost.
Raetorn's ghost is lightly damaged.
Raetorn's ghost hits you but does no damage.
You are electrocuted!
* * * LOW HITPOINT WARNING * * *
Items here: $ ) [ † a dagger; a robe; 10 gold pieces; an orc corpse
Things that are here:
a war axe; a chain mail An orc wizard comes into view.
It is wielding a dagger.
The orc wizard shouts!
There is a stone staircase leading down here.
Raetorn's ghost hits you.
* * * LOW HITPOINT WARNING * * *
You are electrocuted!
You die...

################
#...............
#.############## #.##
##..### #.....#
#.#.#.#
##.....########
#@W#.#.........
#......########
#.#...## #.#.#.# #####
#.#.#.# ......
#.#+#.#####.......
#####.................
......................
.......o..............


You could see raetorn's ghost.

Vanquished Creatures
  The ghost of htuhola the Skirmisher, an amateur HOAK of Lugonu (D:3)
  An orc wizard (D:4)
  A worker ant (D:4)
  2 gnolls
  8 adders
  3 dart slugs (D:1)
  2 worms (D:2)
  3 leopard geckos
  An orc (D:4)
  A giant cockroach (D:1)
  7 hobgoblins
  9 jackals
  9 kobolds
  2 quokkas
  5 bats
  2 frilled lizards
  8 goblins
  6 rats
71 creatures vanquished.

Notes
Turn   | Place    | Note
-------+----------+-------------------------------------------
     0 | D:1      | Norrik the Minotaur Monk began the quest for the Orb.
     0 | D:1      | Reached XP level 1. HP: 19/19 MP: 0/0
   105 | D:1      | Reached skill level 4 in Long Blades
   105 | D:1      | Reached XP level 2. HP: 22/27 MP: 1/1
   116 | D:1      | Reached skill level 1 in Armour
   608 | D:1      | Reached XP level 3. HP: 31/33 MP: 2/2
  1463 | D:2      | Reached XP level 4. HP: 41/41 MP: 3/3
  1464 | D:2      | Reached skill level 5 in Long Blades
  1729 | D:2      | Found a bloodstained altar of Trog.
  2217 | D:3      | Noticed htuhola's ghost (amateur HOAK)
  2237 | D:3      | Killed htuhola's ghost
  2237 | D:3      | Reached skill level 5 in Fighting
  2237 | D:3      | Reached skill level 6 in Long Blades
  2237 | D:3      | Reached XP level 5. HP: 19/48 MP: 4/4
  3022 | D:4      | Found a snail-covered altar of Cheibriados.
  3022 | D:4      | Found an ornate altar of the Wu Jian Council.
  3028 | D:4      | Found a faded altar of an unknown god.
  3030 | D:4      | Found a faded altar of an unknown god.
  3032 | D:4      | Found a hazy altar of Hepliaklqana.
  3164 | D:4      | Reached XP level 6. HP: 36/56 MP: 5/5
  3300 | D:4      | Noticed raetorn's ghost (novice SpAs)
  3322 | D:4      | Mangled by raetorn's ghost

Skill      XL: |  1  2  3  4 |
---------------+-------------+-----
Long Blades    | 4 6 |  6.4
Armour         | 1 3 |  3.4
Fighting       | 4 5 |  5.3
Dodging        | |  3.2
Stealth        | |  1.5

Action                   |  1- 3 |  4- 6 || total
-------------------------+-------+-------++-------
Melee: Falchion          |    71 |   105 ||   176
       Headbutt          |    11 |    19 ||    30
Throw: Stone             |     4 |       ||     4
 Stab: Sleeping          |     1 |     2 ||     3
  Eat: Chunk             |     2 |     2 ||     4
       Ration            |       |     1 ||     1
Armor: Robe              |    10 |     1 ||    11
       Ring mail         |       |    27 ||    27
Dodge: Dodged            |    49 |    61 ||   110
       Rpst.: Falchion   |    16 |    14 ||    30
